 Dungeon Crawl Stone Soup version 0.25.1-2-g60ff931df9 (webtiles) character file.

Game seed: 3637694789667154914

122 Johnny the Digger (level 4, 0/33 HPs)
             Began as a Demigod Earth Elementalist on Oct 27, 2020.
             Slain by a black bear (3 damage)
             ... on level 3 of the Dungeon.
             The game lasted 00:03:02 (3091 turns).

Johnny the Digger (Demigod Earth Elementalist)      Turns: 3091, Time: 00:03:03

Health: 0/33       AC:  3    Str: 11    XL:     4   Next: 50%
Magic:  10/10      EV: 12    Int: 21    God:
Gold:   137        SH:  0    Dex: 16    Spells: 7/8 levels left

rFire    . . .     SeeInvis .   a - +0 dagger
rCold    . . .     Gourm    .   (no shield)
rNeg     . . .     Faith    .   c - +0 robe
rPois    .         Spirit   .   (no helmet)
rElec    .         Reflect  .   g - +0 cloak {rCorr}
rCorr    +         Harm     .   (no gloves)
MR       .....                  (no boots)
Stlth    ++........             t - amulet of inaccuracy (curse)
HPRegen  0.11/turn              k - ring of wizardry
MPRegen  0.12/turn              (no ring)

@: mighty, stab
A: high mp 1
a: no special abilities


You were on level 3 of the Dungeon.
You were very hungry.

You visited 1 branch of the dungeon, and saw 3 of its levels.

You collected 137 gold pieces.

Inventory:

Hand Weapons
 a - a +0 dagger (weapon)
Missiles
 b - 34 stones (quivered)
Armour
 c - a +0 robe (worn)
 g - a +0 cloak of preservation (worn)
 r - a +0 leather armour of magic resistance
Jewellery
 k - a ring of wizardry (left hand)
 s - an uncursed ring of ice
 t - a cursed amulet of inaccuracy (around neck)
Scrolls
 f - 2 scrolls of remove curse {unknown}
 h - a scroll of magic mapping {unknown}
 i - a scroll of enchant weapon {unknown}
 l - a scroll of enchant armour {unknown}
 m - 3 scrolls of amnesia {unknown}
 p - 2 scrolls of immolation {unknown}
 q - a scroll of identify {unknown}
Potions
 n - a potion of resistance {unknown}
 o - a potion of haste {unknown}
Comestibles
 d - 3 rations


   Skills:
 - Level 1.7 Dodging
 - Level 1.7 Stealth
 + Level 2.7 Spellcasting
   Level 0.8 Transmutations
 * Level 4.4 Earth Magic


You had 7 spell levels left.
You knew the following spells:

 Your Spells              Type           Power        Failure   Level  Hunger
a - Sandblast             Erth           ###...       1%          1    None

Your spell library contained the following spells:

 Spells                   Type           Power        Failure   Level  Hunger
 Passwall                 Tmut/Erth      ##......     2%          2    ##.....
 Animate Skeleton         Necr           N/A          6%          1    None
 Apportation              Tloc           #.....       6%          1    None
 Corona                   Hex            #......      6%          1    None
 Summon Small Mammal      Summ           #...         6%          1    None
 Stone Arrow              Conj/Erth      ##....       6%          3    ###....
 Petrify                  Tmut/Erth      ##......     17%         4    ####...
 Lee's Rapid Deconstruct  Erth           ###.......   24%         5    ######.


Dungeon Overview and Level Annotations

Branches:
Dungeon (3/15)


Innate Abilities, Weirdness & Mutations

You have an increased reservoir of magic. (+10% MP)


Message History

You bump into the rock wall.
The black bear bites you. The black bear misses you.
The black bear barely misses you.
The orc wizard hits you but does no damage.
Unknown command.
You're too confused to move!
The black bear barely misses you.
The black bear claws you but does no damage.
The black bear misses you.
The orc wizard hits you with a +0 dagger.
Unknown command.
It was a potion of stabbing.
You feel ready to backstab. The black bear bites you.
The black bear claws you. x2
* * * LOW HITPOINT WARNING * * *
The orc wizard hits you with a +0 dagger.
* * * LOW HITPOINT WARNING * * *
Unknown command.
It was a potion of might.
You feel very mighty all of a sudden.
You feel less confused.
The black bear misses you. x2; The black bear claws you.
You die...

#.#.........#
#.#.........#
####...........#
...............#
...............#
#######..).....#
##.s#'#### #oh#.#
###########@#.#
#........##.#.#
#........+..).#
#.....o..##)#.#
#..........<..#
#########
#........##...#
#.....)..
######'#.##...#
#.#......
#.#.....[#
#.#.#####
#.#####..######.#.#


You could see a black bear, an orc wizard and a giant cockroach.

Vanquished Creatures
  An orc wizard (D:3)
  An adder (D:2)
  2 worms (D:2)
  A dart slug (D:2)
  9 orcs (D:3)
  2 ball pythons
  6 bats
  2 giant cockroaches
  8 goblins
  8 hobgoblins
  5 jackals (D:1)
  A quokka (D:2)
  3 frilled lizards
  8 kobolds
  12 rats
69 creatures vanquished.

Notes
Turn   | Place    | Note
-------+----------+-------------------------------------------
     0 | D:1      | Johnny the Demigod Earth Elementalist began the quest for
                  | the Orb.
     0 | D:1      | Reached XP level 1. HP: 14/14 MP: 5/5
   212 | D:1      | Reached skill level 3 in Earth Magic
   397 | D:1      | Reached XP level 2. HP: 17/20 MP: 0/7
  1262 | D:1      | Reached XP level 3. HP: 25/26 MP: 9/9
  2185 | D:2      | Reached skill level 4 in Earth Magic
  2577 | D:3      | Reached XP level 4. HP: 33/33 MP: 6/10
  3070 | D:3      | Noticed a black bear
  3091 | D:3      | Slain by a black bear

Illustrated notes

Levels and vault maps discovered:
D:1:      tarquinn_simple_flora_water_e, layout_basic,
          minmay_misc_feat_nine_boxes, minivault_4
D:2:      layout_basic, minmay_circle_x
D:3:      layout_basic, led_sif_book

Skill      XL: |  1  2  3 |
---------------+----------+-----
Earth Magic    | 3 4 |  4.4
Spellcasting   | 2 |  2.7
Dodging        | |  1.7
Stealth        | |  1.7
Transmutations | |  0.8

Action                   |  1- 3 |  4- 6 || total
-------------------------+-------+-------++-------
Melee: Unarmed           |    12 |       ||    12
       Dagger            |    78 |    11 ||    89
 Cast: Sandblast         |    60 |    20 ||    80
  Use: Potion            |       |     2 ||     2
 Stab: Sleeping          |     2 |       ||     2
  Eat: Chunk             |     5 |     1 ||     6
Armor: Robe              |    34 |    10 ||    44
Dodge: Dodged            |    84 |    23 ||   107
